 Dungeon Crawl Stone Soup version 0.17-a0-1798-g879a7aa (webtiles) character file.

21 zigs the Gusty (level 2, -2/15 HPs)
             Began as a Tengu Air Elementalist on Sept 10, 2015.
             Slain by Sigmund
             ... wielding a +0 scythe
              (11 damage)
             ... on level 2 of the Dungeon.
             The game lasted 00:05:29 (963 turns).

zigs the Gusty (Tengu Air Elementalist)              Turns: 963, Time: 00:05:30

Health: -2/15      AC:  7    Str:  8    XL:     2   Next: 83%
Magic:  1/6        EV: 12    Int: 15    God:
Gold:   18         SH:  0    Dex: 14    Spells: 2 memorised, 2 levels left

rFire  . . .     SeeInvis .     e - +1 mace (protect)
rCold  . . .     Clarity  .     a - +0 robe
rNeg   . . .     SustAt   .     (no shield)
rPois  .         Gourm    .     (helmet restricted)
rElec  .         Spirit   .     (no cloak)
rCorr  .         Warding  .     (no gloves)
rMut   .         Stasis   .     (boots unavailable)
MR     .....                    (no amulet)
Stlth  +.........               (no ring)
                                (no ring)

@: confused, repel missiles, not resistant to hostile enchantments, very
unstealthy
A: beak, talons 3
a: no special abilities


You were on level 2 of the Dungeon.
You were not hungry.

You visited 1 branch of the dungeon, and saw 2 of its levels.

You collected 18 gold pieces.

Inventory:

Hand weapons
 e - a +1 mace of protection (weapon)
 h - a +0 dagger of speed
Missiles
 f - 7 tomahawks (quivered)
Armour
 a - a +0 robe (worn)
Scrolls
 j - a scroll of noise {unknown}
 k - a scroll of identify {unknown}
 m - a scroll of immolation {unknown}
 n - a scroll of fog {unknown}
Potions
 g - a potion of degeneration {unknown}
 l - a potion of haste {unknown}
Books
 b - a book of Air

   Spells                             Type                      Level
   a - Shock                          Conjuration/Air              1
   b - Swiftness                      Charms/Air                   2
   c - Repel Missiles                 Charms/Air                   2
   d - Static Discharge               Conjuration/Air              3
   e - Lightning Bolt                 Conjuration/Air              5
Comestibles
 c - 2 bread rations
 d - 2 meat rations
 i - 2 chunks of flesh
 o - a slice of pizza


   Skills:
 - Level 2.1 Dodging
 - Level 2.0 Stealth
 - Level 2.0 Spellcasting
 * Level 3.6 Conjurations
 - Level 4.0 Air Magic


You had 2 spell levels left.
You knew the following spells:

 Your Spells              Type           Power        Failure   Level  Hunger
a - Shock                 Conj/Air       ##..         6%          1    #......
b - Repel Missiles        Chrm/Air       #.....       14%         2    ###....


Dungeon Overview and Level Annotations

Branches:
Dungeon (2/15)

Altars:

Annotations:
D:2 Sigmund


Innate Abilities, Weirdness & Mutations

You have a beak for a mouth.
You have claws for feet.


Message History

Casting: Shock
Confirm with . or Enter, or press ? or * to list all spells.
Aiming: Shock
Press: ? - help, Shift-Dir - straight line, f/p - Sigmund
Aim: Sigmund, wielding a scythe and wearing a robe (heavily wounded)
The zap hits Sigmund.
Sigmund is severely wounded.
Casting: Shock
Confirm with . or Enter, or press ? or * to list all spells.
You don't have enough magic to cast that spell.
Throwing (i - inventory):
f - 7 tomahawks (quivered)
Press: ? - help, Shift-Dir - straight line, f/p - Sigmund
Aim: Sigmund, wielding a scythe and wearing a robe (severely wounded)
Okay, then.
Sigmund misses you. Sigmund casts a spell at you.
You are confused.
You bump into the rock wall.
Sigmund hits you with a scythe!
Ouch! That really hurt!
You die...

#.# #.####
#....# ####.#
#.# #.# #.# #
####.######.###
#........@@...#
#...#.######†#.#
#......# ..
#.......# .#
#........ ..
#.......# ##
##......#
##.....


You could see Sigmund.

Vanquished Creatures
  4 bats
  A hobgoblin (D:1)
  4 jackals (D:1)
  2 quokkas (D:2)
  2 ball pythons (D:1)
  4 goblins (D:1)
  A kobold (D:1)
  A rat (D:1)
19 creatures vanquished.

Notes
Turn   | Place    | Note
--------------------------------------------------------------
     0 | D:1      | zigs the Tengu Air Elementalist began the quest for the Orb.
     0 | D:1      | Reached XP level 1. HP: 10/10 MP: 4/4
   391 | D:1      | Reached XP level 2. HP: 15/15 MP: 1/6
   441 | D:1      | Learned a level 2 spell: Repel Missiles
   954 | D:2      | Noticed Sigmund
   963 | D:2      | Slain by Sigmund

Vault maps used:
D:1:      lemuel_arrival_rhombus
D:2:      okawaru_ov_weapons_minmay, uniq_sigmund, uniq_crazy_yiuf_cottage,
          uniq_jessica, uniq_terence

Action                   || total
-------------------------++-------
Melee: Mace              ||    19
 Cast: Shock             ||    28
       Repel Missiles    ||     1
 Stab: Sleeping          ||     1
  Eat: Chunk             ||     1
